Little Stars vs Punishers
Created - January 24, 2019 at 19:05
Goals
|
| Little Stars |
0 |
1 |
0 |
1 |
| Punishers |
1 |
1 |
0 |
2 |
|
Shots
|
| Little Stars |
11 |
11 |
9 |
31 |
| Punishers |
15 |
13 |
9 |
37 |
|
1st period
1. Punishers , Radek Faksa 5 (Stefan Elliott 12, Adam Pelech 15) at 12:56
Penalties :
Andrej Sustr (Tex) for Tripping (Minor) at 5:35, Brian Flynn (Tex) for Holding (Minor) at 14:52
2nd period
2. Punishers , Miikka Salomaki 20 (Boone Jenner 15, Colton Gillies 17) at 8:58
3. Little Stars , Shawn Matthias 21 (Brian Flynn 41) at 10:41
Penalties :
Robbie Earl (Pro) for Interference (Minor) at 0:52, Stefan Elliott (Pro) for Holding (Minor) at 10:44
3rd period
No Goal
Penalties :
Robbie Earl (Pro) for Roughing (Minor) at 6:08, Scott Kosmachuck (Tex) for Interference (Minor) at 9:45, Cam Atkinson (Tex) for Hooking (Minor) at 12:46, Dan Bertram (Pro) for Hooking (Minor) at 16:48
Goalie Stats
Matt Murray (Tex), 35 saves from 37 shots - (0.946), L, 12-10-2, 59:29 minutes
Kristers Gudlevskis (Pro), 30 saves from 31 shots - (0.968), W, 8-13-2, 60:00 minutes
Players Stats for Little Stars
Player Name G A P +/- PIM S H SB GA TA FO MP PP MP PK MP
------------------------------------------------------------------------------------
Alexander Vasyunov 0 0 0 0 0 1 1 0 0 0 1/1 7:31 0:00 0:38
Andrej Sustr 0 0 0 -1 2 1 2 2 1 1 0/0 28:10 4:10 3:08
Anton Cederholm 0 0 0 0 0 0 0 0 0 0 0/0 12:49 0:00 2:17
Bo Horvat 0 0 0 0 0 2 1 0 0 0 0/2 8:51 0:00 1:53
Brian Flynn 0 1 1 0 2 3 1 0 0 0 23/42 20:29 4:27 0:19
Cam Atkinson 0 0 0 0 2 3 8 0 1 1 1/6 23:15 4:27 3:03
Curtis Glencross 0 0 0 0 0 3 3 0 1 1 1/1 18:32 3:29 3:07
Dana Tyrell 0 0 0 0 0 0 0 1 0 0 8/15 16:32 3:29 1:12
Jesse Joensuu 0 0 0 -1 0 5 1 0 0 0 0/0 10:35 0:00 0:00
Jordie Benn 0 0 0 0 0 1 1 1 0 1 0/0 9:11 1:04 1:42
Justin Auger 0 0 0 0 0 0 0 0 0 0 0/0 6:26 0:00 0:00
Mathieu Perreault 0 0 0 -1 0 2 0 0 1 0 1/5 9:40 0:00 0:00
Phil Oreskovic 0 0 0 -1 0 0 1 2 0 1 0/0 30:46 4:10 4:21
Scott Kosmachuck 0 0 0 -1 2 1 0 0 0 0 0/0 10:06 0:00 0:00
Shawn Matthias 1 0 1 0 0 7 2 0 3 0 1/1 23:16 4:27 4:05
Stanislav Chistov 0 0 0 0 0 0 6 0 0 0 1/1 16:48 3:29 1:35
Tyler Wotherspoon 0 0 0 0 0 2 0 0 0 0 0/0 17:48 2:42 0:49
Tyson Barrie 0 0 0 0 0 0 2 1 1 0 0/0 21:15 3:46 3:35
Players Stats for Punishers
Player Name G A P +/- PIM S H SB GA TA FO MP PP MP PK MP
------------------------------------------------------------------------------------
Adam Pelech 0 1 1 0 0 2 1 0 0 1 0/0 25:21 4:29 4:52
Boone Jenner 0 1 1 1 0 4 2 0 0 1 4/14 14:59 3:30 0:00
Carter Ashton 0 0 0 1 0 2 1 0 0 0 0/0 6:40 0:00 0:00
Colton Gillies 0 1 1 1 0 5 2 0 2 0 0/0 17:19 3:30 1:20
Dan Bertram 0 0 0 0 2 1 0 1 0 1 0/2 12:19 0:00 1:53
Dylan DeMelo 0 0 0 0 0 2 0 2 0 0 0/0 13:31 0:00 1:15
Garret Ross 0 0 0 0 0 0 2 1 0 0 0/0 10:04 0:00 0:34
John Macfarland 0 0 0 0 0 0 0 0 0 0 0/0 2:13 0:00 2:01
Jordan Schmaltz 0 0 0 1 0 1 1 2 0 1 0/0 21:03 3:27 3:04
Madison Bowey 0 0 0 0 0 0 0 0 0 0 0/0 3:17 0:00 0:00
Mark Jankowski 0 0 0 0 0 1 0 1 0 0 3/5 9:12 0:00 0:00
Mattias Tedenby 0 0 0 -1 0 5 1 1 1 1 3/3 22:02 4:26 1:20
Michael Joly 0 0 0 0 0 0 0 0 0 0 0/0 0:00 0:00 0:00
Miikka Salomaki 1 0 1 1 0 2 2 0 1 0 1/1 14:59 3:30 0:00
Patrick Wiercioch 0 0 0 1 0 1 1 4 0 1 0/0 20:30 3:27 3:04
Radek Faksa 1 0 1 1 0 4 0 0 0 0 2/2 8:00 0:00 1:20
Robbie Earl 0 0 0 -1 4 1 2 1 1 1 1/3 22:27 4:26 2:16
Stefan Elliott 0 1 1 0 2 1 1 1 0 0 0/0 25:59 4:29 3:37
Trevor Van Riemsdyk 0 0 0 0 0 0 0 1 0 0 0/0 10:19 0:00 0:00
Tyler Bertuzzi 0 0 0 1 0 1 0 0 0 0 0/0 6:40 0:00 0:00
Zack Hamill 0 0 0 -1 0 4 1 2 0 1 23/44 25:06 4:26 5:08
3 Stars
1 - Kristers Gudlevskis (Pro)
2 - Miikka Salomaki (Pro)
3 - Matt Murray (Tex)
Power Play
Little Stars - 0 on 4 Attempt(s) - 0.00%
Punishers - 0 on 4 Attempt(s) - 0.00%
Penalty Kill
Little Stars - 4 on 4 Attempt(s) - 100.00%
- Score 0 goal in Penalty Kill
Punishers - 4 on 4 Attempt(s) - 100.00%
- Score 0 goal in Penalty Kill
Team Stat
Little Stars - Hits : 29 - Faceoff Wins : 37 - Blocked Shots : 7 - Penalty Minutes : 8
Punishers - Hits : 17 - Faceoff Wins : 37 - Blocked Shots : 17 - Penalty Minutes : 8
Official
Referees : Unknown
Linesman : Unknown
Game Notes
Madison Bowey is injured at 17:25 of 1st period (Back Spasms)
Jordie Benn is injured at 6:59 of 2nd period (Torso)
Finance
Level 1 -- Attendance: 1556 (77.80%) -- Ticket Income $62,240
Level 2 -- Attendance: 753 (75.30%) -- Ticket Income $15,060
Total Attendance: 2309 (76.97%)
Total Ticket Income: $77,300
Other Income: $3,865
Total Income: $81,165
Little Stars
5 vs 5 Forward
Center Left Wing Right Wing Time % Phy DF OF
1 Brian Flynn Shawn Matthias Cam Atkinson 40 1 2 2
2 Dana Tyrell Curtis Glencross Stanislav Chistov 30 1 2 2
3 Mathieu Perreault Jesse Joensuu Scott Kosmachuck 20 1 2 2
4 Bo Horvat Alexander Vasyunov Justin Auger 10 1 2 2
5 vs 5 Defense
Defense Defense Time % Phy DF OF
1 Phil Oreskovic Andrej Sustr 40 1 2 2
2 Tyson Barrie Jordie Benn 30 1 2 2
3 Tyler Wotherspoon Anton Cederholm 20 1 2 2
4 Phil Oreskovic Andrej Sustr 10 1 2 2
PowerPlay Forward
Center Left Wing Right Wing Time % Phy DF OF
1 Brian Flynn Shawn Matthias Cam Atkinson 60 0 2 3
2 Dana Tyrell Curtis Glencross Stanislav Chistov 40 0 2 3
PowerPlay Defense
Defense Defense Time % Phy DF OF
1 Phil Oreskovic Andrej Sustr 60 0 2 3
2 Tyson Barrie Jordie Benn 40 0 2 3
Penalty Kill 4 Players Forward
Center Wing Time % Phy DF OF
1 Cam Atkinson Shawn Matthias 60 0 3 2
2 Stanislav Chistov Curtis Glencross 40 0 3 2
Penalty Kill 4 Players Defense
Defense Defense Time % Phy DF OF
1 Phil Oreskovic Andrej Sustr 60 0 3 2
2 Tyson Barrie Jordie Benn 40 0 3 2
Penalty Kill - 3 Players Forward
Forward Time % Phy DF OF
1 Cam Atkinson 60 0 3 2
2 Shawn Matthias 40 0 3 2
Penalty Kill - 3 Players Defense
Defense Defense Time % Phy DF OF
1 Phil Oreskovic Andrej Sustr 60 0 3 2
2 Tyson Barrie Jordie Benn 40 0 3 2
4 vs 4 Forward
Center Wing Time % Phy DF OF
1 Cam Atkinson Shawn Matthias 60 1 2 2
2 Stanislav Chistov Curtis Glencross 40 1 2 2
4 vs 4 Defense
Defense Defense Time % Phy DF OF
1 Phil Oreskovic Andrej Sustr 60 1 2 2
2 Tyson Barrie Jordie Benn 40 1 2 2
Last Minutes Offensive
Center Left Wing Right Wing Defense Defense
Brian Flynn Shawn Matthias Cam Atkinson Phil Oreskovic Andrej Sustr
Last Minutes Defensive
Center Left Wing Right Wing Defense Defense
Brian Flynn Shawn Matthias Cam Atkinson Phil Oreskovic Andrej Sustr
Goaltenders
Starting : Matt Murray
Backup : Peter Delmas
Extra Forwards
Normal : Jesse Joensuu, Mathieu Perreault, Bo Horvat - PP : Jesse Joensuu, Mathieu Perreault - PK : Bo Horvat
Extra Defensemen
Normal : Tyler Wotherspoon, Anton Cederholm, Tyson Barrie - PP : Tyler Wotherspoon - PK : Anton Cederholm, Tyson Barrie
Penalty Shots
Cam Atkinson, Shawn Matthias, Stanislav Chistov, Curtis Glencross, Brian Flynn
Scratches
Daniel O'regan (Healthy), Michael Mersch (Healthy), Zach Budish (Healthy), Adam Tambellini (Healthy), Reece Willcox (Healthy)
Ville Pokka (Healthy), Jason Dickinson (Healthy), Emile Poirier (Healthy), Tucker Poolman (Healthy)
Punishers
5 vs 5 Forward
Center Left Wing Right Wing Time % Phy DF OF
1 Zack Hamill Robbie Earl Mattias Tedenby 40 1 2 2
2 Boone Jenner Colton Gillies Miikka Salomaki 30 1 2 2
3 Mark Jankowski Garret Ross Dan Bertram 20 1 2 2
4 Radek Faksa Tyler Bertuzzi Carter Ashton 10 1 2 2
5 vs 5 Defense
Defense Defense Time % Phy DF OF
1 Stefan Elliott Adam Pelech 40 1 2 2
2 Jordan Schmaltz Patrick Wiercioch 30 1 2 2
3 Madison Bowey Dylan DeMelo 20 1 2 2
4 Trevor Van Riemsdyk Stefan Elliott 10 1 2 2
PowerPlay Forward
Center Left Wing Right Wing Time % Phy DF OF
1 Zack Hamill Robbie Earl Mattias Tedenby 60 1 2 2
2 Boone Jenner Colton Gillies Miikka Salomaki 40 1 2 2
PowerPlay Defense
Defense Defense Time % Phy DF OF
1 Stefan Elliott Adam Pelech 60 1 2 2
2 Jordan Schmaltz Patrick Wiercioch 40 1 2 2
Penalty Kill 4 Players Forward
Center Wing Time % Phy DF OF
1 Zack Hamill Robbie Earl 60 1 2 2
2 Mattias Tedenby Colton Gillies 40 1 2 2
Penalty Kill 4 Players Defense
Defense Defense Time % Phy DF OF
1 Stefan Elliott Adam Pelech 60 1 2 2
2 Jordan Schmaltz Patrick Wiercioch 40 1 2 2
Penalty Kill - 3 Players Forward
Forward Time % Phy DF OF
1 Zack Hamill 60 1 2 2
2 Robbie Earl 40 1 2 2
Penalty Kill - 3 Players Defense
Defense Defense Time % Phy DF OF
1 Stefan Elliott Adam Pelech 60 1 2 2
2 Jordan Schmaltz Patrick Wiercioch 40 1 2 2
4 vs 4 Forward
Center Wing Time % Phy DF OF
1 Zack Hamill Robbie Earl 60 1 2 2
2 Mattias Tedenby Colton Gillies 40 1 2 2
4 vs 4 Defense
Defense Defense Time % Phy DF OF
1 Stefan Elliott Adam Pelech 60 1 2 2
2 Jordan Schmaltz Patrick Wiercioch 40 1 2 2
Last Minutes Offensive
Center Left Wing Right Wing Defense Defense
Zack Hamill Robbie Earl Mattias Tedenby Stefan Elliott Adam Pelech
Last Minutes Defensive
Center Left Wing Right Wing Defense Defense
Zack Hamill Robbie Earl Mattias Tedenby Stefan Elliott Adam Pelech
Goaltenders
Starting : Kristers Gudlevskis
Backup : Louis Domingue
Extra Forwards
Normal : John Macfarland, Michael Joly, Dan Bertram - PP : John Macfarland, Michael Joly - PK : Dan Bertram
Extra Defensemen
Normal : Madison Bowey, Dylan DeMelo, Trevor Van Riemsdyk - PP : Madison Bowey - PK : Dylan DeMelo, Trevor Van Riemsdyk
Penalty Shots
Zack Hamill, Robbie Earl, Mattias Tedenby, Colton Gillies, Boone Jenner
Scratches
David Laliberté (Left Hip Injury), Daniel Altshuller (Healthy)
% Time on Ice - Little Stars
Lines # - Real PCT - Wanted PCT - Time Play
Normal Forward
1 - 36% - 40% - 15:23
2 - 27% - 30% - 11:44
3 - 22% - 20% - 9:40
4 - 15% - 10% - 6:26
Normal Defense
1 - 38% - 40% - 16:20
2 - 37% - 30% - 15:58
3 - 19% - 20% - 8:15
4 - 6% - 10% - 2:40
PP Forward
1 - 56% - 60% - 4:27
2 - 44% - 40% - 3:29
PP Defense
1 - 53% - 60% - 4:10
2 - 47% - 40% - 3:46
PK Forward
1 - 80% - 60% - 6:21
2 - 20% - 40% - 1:35
PK Defense
1 - 54% - 60% - 4:16
2 - 46% - 40% - 3:40
PK3 Forward
1 - 0% - 60%
2 - 0% - 40%
PK3 Defense
1 - 0% - 60%
2 - 0% - 40%
44 Forward
1 - 0% - 60%
2 - 0% - 40%
44 Defense
1 - 0% - 60%
2 - 0% - 40%
Last Minute Offensive - 0:55
Last Minute Defensive - 0:00
Total
Forward - 60:00
Defense - 60:00
|
% Time on Ice - Punishers
Lines # - Real PCT - Wanted PCT - Time Play
Normal Forward
1 - 35% - 40% - 15:35
2 - 28% - 30% - 12:29
3 - 21% - 20% - 9:12
4 - 15% - 10% - 6:40
Normal Defense
1 - 33% - 40% - 14:19
2 - 32% - 30% - 13:59
3 - 28% - 20% - 12:16
4 - 8% - 10% - 3:22
PP Forward
1 - 56% - 60% - 4:26
2 - 44% - 40% - 3:30
PP Defense
1 - 57% - 60% - 4:29
2 - 43% - 40% - 3:27
PK Forward
1 - 83% - 60% - 6:36
2 - 17% - 40% - 1:20
PK Defense
1 - 61% - 60% - 4:52
2 - 39% - 40% - 3:04
PK3 Forward
1 - 0% - 60%
2 - 0% - 40%
PK3 Defense
1 - 0% - 60%
2 - 0% - 40%
44 Forward
1 - 0% - 60%
2 - 0% - 40%
44 Defense
1 - 0% - 60%
2 - 0% - 40%
Last Minute Offensive - 0:00
Last Minute Defensive - 0:12
Total
Forward - 60:00
Defense - 60:00
|
Play-by-Play
1st period
0:01 of 1st period - Zack Hamill wins face-off versus Brian Flynn in neutral zone.
0:08 of 1st period - Slapshot by Zack Hamill.
0:08 of 1st period - Shot Misses the Net.
0:10 of 1st period - Wrist shot by Robbie Earl.
0:10 of 1st period - Shot Misses the Net.
0:12 of 1st period - Slapshot by Robbie Earl.
0:12 of 1st period - Shot Blocked by Andrej Sustr.
0:16 of 1st period - Snap shot by Zack Hamill.
0:16 of 1st period - Shot Blocked by Phil Oreskovic.
0:27 of 1st period - Off-side.
0:28 of 1st period - Dana Tyrell wins face-off versus Boone Jenner in neutral zone.
1:16 of 1st period - Tyler Wotherspoon is hit by Zack Hamill and loses puck.
1:43 of 1st period - Snap shot by Radek Faksa.
1:43 of 1st period - Shot Misses the Net.
1:53 of 1st period - Snap shot by Colton Gillies.
1:53 of 1st period - Stopped by Matt Murray with a rebound.
1:55 of 1st period - Slapshot by Boone Jenner.
1:55 of 1st period - Stopped by Matt Murray with a rebound.
1:57 of 1st period - Slapshot by Stefan Elliott.
1:57 of 1st period - Deflect By Boone Jenner.
1:57 of 1st period - Stopped by Matt Murray with a rebound.
2:13 of 1st period - Snap shot by Mathieu Perreault.
2:13 of 1st period - Stopped by Kristers Gudlevskis with a rebound.
2:35 of 1st period - Wrist shot by Alexander Vasyunov.
2:35 of 1st period - Shot Blocked by Patrick Wiercioch.
3:03 of 1st period - Slapshot by Brian Flynn.
3:03 of 1st period - Stopped by Kristers Gudlevskis with a rebound.
3:05 of 1st period - Wrist shot by Cam Atkinson.
3:05 of 1st period - Stopped by Kristers Gudlevskis without a rebound.
3:06 of 1st period - Boone Jenner wins face-off versus Brian Flynn in Punishers zone.
3:09 of 1st period - Wrist shot by Brian Flynn.
3:09 of 1st period - Shot Misses the Net.
3:17 of 1st period - Wrist shot by Brian Flynn.
3:17 of 1st period - Shot Blocked by Trevor Van Riemsdyk.
3:31 of 1st period - Trevor Van Riemsdyk is hit by Stanislav Chistov and loses puck.
4:16 of 1st period - Snap shot by Colton Gillies.
4:16 of 1st period - Shot Blocked by Jordie Benn.
4:18 of 1st period - Slapshot by Stefan Elliott.
4:18 of 1st period - Stopped by Matt Murray with a rebound.
4:20 of 1st period - Slapshot by Stefan Elliott.
4:20 of 1st period - Shot Misses the Net.
4:22 of 1st period - Slapshot by Trevor Van Riemsdyk.
4:22 of 1st period - Shot Misses the Net.
4:24 of 1st period - Wrist shot by Colton Gillies.
4:24 of 1st period - Stopped by Matt Murray without a rebound.
4:25 of 1st period - Zack Hamill wins face-off versus Brian Flynn in Little Stars zone.
4:41 of 1st period - Zack Hamill is hit by Phil Oreskovic and loses puck.
4:52 of 1st period - Dana Tyrell is hit by Jordan Schmaltz and loses puck.
5:02 of 1st period - Off-side.
5:03 of 1st period - Brian Flynn wins face-off versus Dan Bertram in neutral zone.
5:12 of 1st period - Slapshot by Shawn Matthias.
5:12 of 1st period - Stopped by Kristers Gudlevskis with a rebound.
5:14 of 1st period - Wrist shot by Cam Atkinson.
5:14 of 1st period - Stopped by Kristers Gudlevskis without a rebound.
5:15 of 1st period - Brian Flynn wins face-off versus Zack Hamill in Punishers zone.
5:18 of 1st period - Snap shot by Brian Flynn.
5:18 of 1st period - Shot Misses the Net.
5:20 of 1st period - Slapshot by Phil Oreskovic.
5:20 of 1st period - Deflect By Shawn Matthias.
5:20 of 1st period - Shot Misses the Net.
5:20 of 1st period - Puck is out of play.
5:21 of 1st period - Brian Flynn wins face-off versus Zack Hamill in Punishers zone.
5:35 of 1st period - Minor Penalty to Andrej Sustr for Tripping.
5:36 of 1st period - Zack Hamill wins face-off versus Cam Atkinson in Little Stars zone.
6:33 of 1st period - Jordan Schmaltz is hit by Tyson Barrie and loses puck.
6:40 of 1st period - Stanislav Chistov is hit by Boone Jenner and loses puck.
7:17 of 1st period - Wrist shot by Bo Horvat.
7:17 of 1st period - Shot Misses the Net.
7:35 of 1st period - Penalty to Andrej Sustr is over, Andrej Sustr is back on ice.
7:41 of 1st period - Wrist shot by Boone Jenner.
7:41 of 1st period - Stopped by Matt Murray without a rebound.
7:42 of 1st period - Mark Jankowski wins face-off versus Mathieu Perreault in Little Stars zone.
7:49 of 1st period - Snap shot by Dan Bertram.
7:49 of 1st period - Shot Misses the Net.
7:51 of 1st period - Slapshot by Madison Bowey.
7:51 of 1st period - Shot Misses the Net.
7:53 of 1st period - Slapshot by Dylan DeMelo.
7:53 of 1st period - Stopped by Matt Murray with a rebound.
7:55 of 1st period - Slapshot by Dylan DeMelo.
7:55 of 1st period - Deflect By Dan Bertram.
7:55 of 1st period - Shot Misses the Net.
7:55 of 1st period - Puck is out of play.
7:56 of 1st period - Boone Jenner wins face-off versus Brian Flynn in Little Stars zone.
8:36 of 1st period - Snap shot by Colton Gillies.
8:36 of 1st period - Shot Misses the Net.
8:38 of 1st period - Slapshot by Patrick Wiercioch.
8:38 of 1st period - Stopped by Matt Murray with a rebound.
8:40 of 1st period - Snap shot by Colton Gillies.
8:40 of 1st period - Stopped by Matt Murray without a rebound.
8:41 of 1st period - Mattias Tedenby wins face-off versus Dana Tyrell in Little Stars zone.
8:49 of 1st period - Off-side.
8:50 of 1st period - Dana Tyrell wins face-off versus Zack Hamill in neutral zone.
9:09 of 1st period - Slapshot by Mattias Tedenby.
9:09 of 1st period - Stopped by Matt Murray without a rebound.
9:10 of 1st period - Brian Flynn wins face-off versus Boone Jenner in Little Stars zone.
9:49 of 1st period - Wrist shot by Stanislav Chistov.
9:49 of 1st period - Shot Blocked by Jordan Schmaltz.
9:51 of 1st period - Slapshot by Andrej Sustr.
9:51 of 1st period - Shot Misses the Net.
10:03 of 1st period - Snap shot by Carter Ashton.
10:03 of 1st period - Stopped by Matt Murray without a rebound.
10:04 of 1st period - Radek Faksa wins face-off versus Mathieu Perreault in Little Stars zone.
10:07 of 1st period - Snap shot by Carter Ashton.
10:07 of 1st period - Stopped by Matt Murray without a rebound.
10:08 of 1st period - Zack Hamill wins face-off versus Brian Flynn in Little Stars zone.
10:21 of 1st period - Snap shot by Brian Flynn.
10:21 of 1st period - Shot Blocked by Stefan Elliott.
10:23 of 1st period - Wrist shot by Anton Cederholm.
10:23 of 1st period - Shot Blocked by Zack Hamill.
10:30 of 1st period - Icing by Stefan Elliott.
10:31 of 1st period - Mark Jankowski wins face-off versus Dana Tyrell in Punishers zone.
11:04 of 1st period - Snap shot by Brian Flynn.
11:04 of 1st period - Deflect By Shawn Matthias.
11:04 of 1st period - Shot Misses the Net.
11:04 of 1st period - Puck is out of play.
11:05 of 1st period - Dana Tyrell wins face-off versus Zack Hamill in Punishers zone.
12:56 of 1st period - Slapshot by Stefan Elliott.
12:56 of 1st period - Deflect By Radek Faksa.
12:56 of 1st period - Goal by Radek Faksa - Little Stars : 0 - Punishers : 1.
12:57 of 1st period - Brian Flynn wins face-off versus Boone Jenner in neutral zone.
13:00 of 1st period - Colton Gillies is hit by Cam Atkinson and loses puck.
13:12 of 1st period - Wrist shot by Cam Atkinson.
13:12 of 1st period - Stopped by Kristers Gudlevskis without a rebound.
13:13 of 1st period - Zack Hamill wins face-off versus Dana Tyrell in Punishers zone.
13:38 of 1st period - Brian Flynn is hit by Boone Jenner and loses puck.
13:49 of 1st period - Wrist shot by Colton Gillies.
13:49 of 1st period - Stopped by Matt Murray with a rebound.
14:09 of 1st period - Wrist shot by Mathieu Perreault.
14:09 of 1st period - Stopped by Kristers Gudlevskis with a rebound.
14:11 of 1st period - Slapshot by Phil Oreskovic.
14:11 of 1st period - Deflect By Jesse Joensuu.
14:11 of 1st period - Stopped by Kristers Gudlevskis without a rebound.
14:12 of 1st period - Zack Hamill wins face-off versus Dana Tyrell in Punishers zone.
14:33 of 1st period - Icing by Adam Pelech.
14:34 of 1st period - Zack Hamill wins face-off versus Cam Atkinson in Punishers zone.
14:52 of 1st period - Minor Penalty to Brian Flynn for Holding.
14:53 of 1st period - Zack Hamill wins face-off versus Cam Atkinson in Little Stars zone.
15:23 of 1st period - Wrist shot by Curtis Glencross.
15:23 of 1st period - Stopped by Kristers Gudlevskis without a rebound.
15:24 of 1st period - Stanislav Chistov wins face-off versus Boone Jenner in Punishers zone.
15:25 of 1st period - Snap shot by Curtis Glencross.
15:25 of 1st period - Shot Misses the Net.
15:27 of 1st period - Slapshot by Jordie Benn.
15:27 of 1st period - Deflect By Curtis Glencross.
15:27 of 1st period - Stopped by Kristers Gudlevskis with a rebound.
15:29 of 1st period - Slapshot by Jordie Benn.
15:29 of 1st period - Stopped by Kristers Gudlevskis with a rebound.
15:31 of 1st period - Wrist shot by Stanislav Chistov.
15:31 of 1st period - Shot Hit the Post.
16:47 of 1st period - Mattias Tedenby is hit by Curtis Glencross and loses puck.
16:52 of 1st period - Penalty to Brian Flynn is over, Brian Flynn is back on ice.
17:24 of 1st period - Madison Bowey is hit by Alexander Vasyunov and loses puck.
17:25 of 1st period - Madison Bowey from Punishers is injured at 17:25 of 1st period (Back Spasms).
17:26 of 1st period - Brian Flynn wins face-off versus Boone Jenner in Punishers zone.
19:03 of 1st period - Snap shot by Radek Faksa.
19:03 of 1st period - Stopped by Matt Murray with a rebound.
19:23 of 1st period - Wrist shot by Cam Atkinson.
19:23 of 1st period - Shot Misses the Net.
Goals for this period are 0 for Little Stars vs 1 for Punishers.
Shots for this period are 11 for Little Stars vs 15 for Punishers.
2nd period
0:01 of 2nd period - Brian Flynn wins face-off versus Boone Jenner in neutral zone.
0:06 of 2nd period - Snap shot by Andrej Sustr.
0:06 of 2nd period - Deflect By Brian Flynn.
0:06 of 2nd period - Stopped by Kristers Gudlevskis with a rebound.
0:19 of 2nd period - Icing by Stefan Elliott.
0:20 of 2nd period - Miikka Salomaki wins face-off versus Dana Tyrell in Punishers zone.
0:20 of 2nd period - Miikka Salomaki is hit by Curtis Glencross.
0:36 of 2nd period - Snap shot by Colton Gillies.
0:36 of 2nd period - Stopped by Matt Murray without a rebound.
0:37 of 2nd period - Brian Flynn wins face-off versus Zack Hamill in Little Stars zone.
0:50 of 2nd period - Wrist shot by Cam Atkinson.
0:50 of 2nd period - Shot Blocked by Mattias Tedenby.
0:52 of 2nd period - Minor Penalty to Robbie Earl for Interference.
0:53 of 2nd period - Zack Hamill wins face-off versus Cam Atkinson in Punishers zone.
1:02 of 2nd period - Adam Pelech is hit by Cam Atkinson and loses puck.
1:22 of 2nd period - Off-side.
1:23 of 2nd period - Zack Hamill wins face-off versus Dana Tyrell in neutral zone.
1:25 of 2nd period - Off-side.
1:26 of 2nd period - Zack Hamill wins face-off versus Dana Tyrell in neutral zone.
1:39 of 2nd period - Wrist shot by Jordan Schmaltz.
1:39 of 2nd period - Deflect By Zack Hamill.
1:39 of 2nd period - Stopped by Matt Murray without a rebound.
1:40 of 2nd period - Brian Flynn wins face-off versus Zack Hamill in Little Stars zone.
2:47 of 2nd period - Patrick Wiercioch is hit by Jordie Benn and loses puck.
2:52 of 2nd period - Penalty to Robbie Earl is over, Robbie Earl is back on ice.
3:21 of 2nd period - Wrist shot by Jesse Joensuu.
3:21 of 2nd period - Shot Misses the Net.
3:51 of 2nd period - Garret Ross is hit by Shawn Matthias.
4:24 of 2nd period - Icing by Mattias Tedenby.
4:25 of 2nd period - Radek Faksa wins face-off versus Mathieu Perreault in Punishers zone.
4:58 of 2nd period - Wrist shot by Radek Faksa.
4:58 of 2nd period - Stopped by Matt Murray without a rebound.
4:59 of 2nd period - Brian Flynn wins face-off versus Zack Hamill in Little Stars zone.
5:26 of 2nd period - Andrej Sustr is hit by Garret Ross and loses puck.
5:47 of 2nd period - Anton Cederholm is hit by Garret Ross and loses puck.
6:01 of 2nd period - Off-side.
6:02 of 2nd period - Dana Tyrell wins face-off versus Zack Hamill in neutral zone.
6:27 of 2nd period - Patrick Wiercioch is hit by Andrej Sustr.
6:58 of 2nd period - Jordie Benn is hit by Colton Gillies and loses puck.
6:59 of 2nd period - Jordie Benn from Little Stars is injured at 6:59 of 2nd period (Torso).
7:00 of 2nd period - Brian Flynn wins face-off versus Robbie Earl in Little Stars zone.
7:25 of 2nd period - Curtis Glencross is hit by Miikka Salomaki.
7:33 of 2nd period - Snap shot by Boone Jenner.
7:33 of 2nd period - Stopped by Matt Murray with a rebound.
7:47 of 2nd period - Wrist shot by Jesse Joensuu.
7:47 of 2nd period - Stopped by Kristers Gudlevskis without a rebound.
7:48 of 2nd period - Mathieu Perreault wins face-off versus Mark Jankowski in Punishers zone.
7:49 of 2nd period - Snap shot by Jesse Joensuu.
7:49 of 2nd period - Stopped by Kristers Gudlevskis with a rebound.
7:59 of 2nd period - Off-side.
8:00 of 2nd period - Brian Flynn wins face-off versus Zack Hamill in neutral zone.
8:05 of 2nd period - Snap shot by Brian Flynn.
8:05 of 2nd period - Deflect By Cam Atkinson.
8:05 of 2nd period - Shot Misses the Net.
8:05 of 2nd period - Puck is out of play.
8:06 of 2nd period - Brian Flynn wins face-off versus Zack Hamill in Punishers zone.
8:27 of 2nd period - Stefan Elliott is hit by Andrej Sustr and loses puck.
8:38 of 2nd period - Wrist shot by Curtis Glencross.
8:38 of 2nd period - Deflect By Dana Tyrell.
8:38 of 2nd period - Shot Misses the Net.
8:38 of 2nd period - Puck is out of play.
8:39 of 2nd period - Brian Flynn wins face-off versus Boone Jenner in Punishers zone.
8:48 of 2nd period - Wrist shot by Miikka Salomaki.
8:48 of 2nd period - Stopped by Matt Murray without a rebound.
8:49 of 2nd period - Boone Jenner wins face-off versus Brian Flynn in Little Stars zone.
8:52 of 2nd period - Slapshot by Colton Gillies.
8:52 of 2nd period - Shot Misses the Net.
8:58 of 2nd period - Slapshot by Miikka Salomaki.
8:58 of 2nd period - Goal by Miikka Salomaki - Little Stars : 0 - Punishers : 2.
8:59 of 2nd period - Cam Atkinson wins face-off versus Zack Hamill in neutral zone.
9:08 of 2nd period - Slapshot by Brian Flynn.
9:08 of 2nd period - Shot Misses the Net.
9:38 of 2nd period - Slapshot by Stefan Elliott.
9:38 of 2nd period - Shot Blocked by Dana Tyrell.
10:19 of 2nd period - Snap shot by Curtis Glencross.
10:19 of 2nd period - Stopped by Kristers Gudlevskis without a rebound.
10:20 of 2nd period - Brian Flynn wins face-off versus Dan Bertram in Punishers zone.
10:29 of 2nd period - Slapshot by Shawn Matthias.
10:29 of 2nd period - Stopped by Kristers Gudlevskis without a rebound.
10:30 of 2nd period - Brian Flynn wins face-off versus Robbie Earl in Punishers zone.
10:31 of 2nd period - Snap shot by Cam Atkinson.
10:31 of 2nd period - Shot Blocked by Robbie Earl.
10:39 of 2nd period - Wrist shot by Shawn Matthias.
10:39 of 2nd period - Stopped by Kristers Gudlevskis without a rebound.
10:40 of 2nd period - Brian Flynn wins face-off versus Zack Hamill in Punishers zone.
10:41 of 2nd period - Snap shot by Shawn Matthias.
10:41 of 2nd period - Goal by Shawn Matthias - Little Stars : 1 - Punishers : 2.
10:42 of 2nd period - Zack Hamill wins face-off versus Brian Flynn in neutral zone.
10:44 of 2nd period - Minor Penalty to Stefan Elliott for Holding.
10:45 of 2nd period - Shawn Matthias wins face-off versus Zack Hamill in Punishers zone.
11:00 of 2nd period - Snap shot by Shawn Matthias.
11:00 of 2nd period - Shot Blocked by Zack Hamill.
11:14 of 2nd period - Slapshot by Phil Oreskovic.
11:14 of 2nd period - Shot Misses the Net.
11:16 of 2nd period - Slapshot by Dana Tyrell.
11:16 of 2nd period - Shot Misses the Net.
11:18 of 2nd period - Snap shot by Andrej Sustr.
11:18 of 2nd period - Stopped by Kristers Gudlevskis without a rebound.
11:19 of 2nd period - Mattias Tedenby wins face-off versus Brian Flynn in Punishers zone.
11:19 of 2nd period - Mattias Tedenby is hit by Cam Atkinson.
11:43 of 2nd period - Colton Gillies is hit by Stanislav Chistov and loses puck.
11:50 of 2nd period - Snap shot by Stanislav Chistov.
11:50 of 2nd period - Deflect By Dana Tyrell.
11:50 of 2nd period - Shot Misses the Net.
11:50 of 2nd period - Puck is out of play.
11:51 of 2nd period - Zack Hamill wins face-off versus Brian Flynn in Punishers zone.
11:51 of 2nd period - Zack Hamill is hit by Cam Atkinson.
12:44 of 2nd period - Penalty to Stefan Elliott is over, Stefan Elliott is back on ice.
13:12 of 2nd period - Andrej Sustr is hit by Carter Ashton and loses puck.
13:59 of 2nd period - Snap shot by Brian Flynn.
13:59 of 2nd period - Shot Blocked by Patrick Wiercioch.
14:17 of 2nd period - Snap shot by Mathieu Perreault.
14:17 of 2nd period - Shot Blocked by Garret Ross.
14:19 of 2nd period - Slapshot by Andrej Sustr.
14:19 of 2nd period - Shot Misses the Net.
14:21 of 2nd period - Slapshot by Phil Oreskovic.
14:21 of 2nd period - Shot Blocked by Patrick Wiercioch.
14:23 of 2nd period - Slapshot by Phil Oreskovic.
14:23 of 2nd period - Shot Blocked by Mark Jankowski.
15:02 of 2nd period - Icing by Tyson Barrie.
15:03 of 2nd period - Dana Tyrell wins face-off versus Boone Jenner in Little Stars zone.
16:21 of 2nd period - Snap shot by Scott Kosmachuck.
16:21 of 2nd period - Stopped by Kristers Gudlevskis without a rebound.
16:22 of 2nd period - Alexander Vasyunov wins face-off versus Boone Jenner in Punishers zone.
16:29 of 2nd period - Snap shot by Bo Horvat.
16:29 of 2nd period - Shot Blocked by Jordan Schmaltz.
16:31 of 2nd period - Snap shot by Alexander Vasyunov.
16:31 of 2nd period - Shot Misses the Net.
16:33 of 2nd period - Slapshot by Phil Oreskovic.
16:33 of 2nd period - Shot Blocked by Patrick Wiercioch.
16:35 of 2nd period - Slapshot by Bo Horvat.
16:35 of 2nd period - Stopped by Kristers Gudlevskis without a rebound.
16:36 of 2nd period - Zack Hamill wins face-off versus Brian Flynn in Punishers zone.
16:36 of 2nd period - Zack Hamill is hit by Shawn Matthias.
17:29 of 2nd period - Wrist shot by Dan Bertram.
17:29 of 2nd period - Stopped by Matt Murray without a rebound.
17:30 of 2nd period - Mark Jankowski wins face-off versus Brian Flynn in Little Stars zone.
17:31 of 2nd period - Wrist shot by Garret Ross.
17:31 of 2nd period - Shot Misses the Net.
17:33 of 2nd period - Wrist shot by Mark Jankowski.
17:33 of 2nd period - Stopped by Matt Murray without a rebound.
17:34 of 2nd period - Zack Hamill wins face-off versus Brian Flynn in Little Stars zone.
17:39 of 2nd period - Snap shot by Mattias Tedenby.
17:39 of 2nd period - Shot Blocked by Tyson Barrie.
17:49 of 2nd period - Snap shot by Mattias Tedenby.
17:49 of 2nd period - Stopped by Matt Murray without a rebound.
17:50 of 2nd period - Dana Tyrell wins face-off versus Boone Jenner in Little Stars zone.
18:01 of 2nd period - Curtis Glencross is hit by Miikka Salomaki and loses puck.
18:29 of 2nd period - Wrist shot by Jesse Joensuu.
18:29 of 2nd period - Stopped by Kristers Gudlevskis with a rebound.
19:26 of 2nd period - Slapshot by Curtis Glencross.
19:26 of 2nd period - Shot Blocked by Dylan DeMelo.
19:28 of 2nd period - Slapshot by Phil Oreskovic.
19:28 of 2nd period - Shot Misses the Net.
19:48 of 2nd period - Snap shot by Zack Hamill.
19:48 of 2nd period - Stopped by Matt Murray with a rebound.
19:50 of 2nd period - Snap shot by Mattias Tedenby.
19:50 of 2nd period - Stopped by Matt Murray without a rebound.
19:51 of 2nd period - Mattias Tedenby wins face-off versus Brian Flynn in Little Stars zone.
19:52 of 2nd period - Snap shot by Zack Hamill.
19:52 of 2nd period - Stopped by Matt Murray without a rebound.
19:53 of 2nd period - Zack Hamill wins face-off versus Brian Flynn in Little Stars zone.
19:54 of 2nd period - Wrist shot by Mattias Tedenby.
19:54 of 2nd period - Deflect By Robbie Earl.
19:54 of 2nd period - Stopped by Matt Murray with a rebound.
19:56 of 2nd period - Wrist shot by Robbie Earl.
19:56 of 2nd period - Shot Misses the Net.
19:58 of 2nd period - Snap shot by Stefan Elliott.
19:58 of 2nd period - Shot Misses the Net.
Goals for this period are 1 for Little Stars vs 1 for Punishers.
Shots for this period are 11 for Little Stars vs 13 for Punishers.
3rd period
0:01 of 3rd period - Brian Flynn wins face-off versus Zack Hamill in neutral zone.
0:14 of 3rd period - Tyler Wotherspoon is hit by Robbie Earl and loses puck.
0:27 of 3rd period - Adam Pelech is hit by Stanislav Chistov.
0:51 of 3rd period - Slapshot by Adam Pelech.
0:51 of 3rd period - Stopped by Matt Murray with a rebound.
1:26 of 3rd period - Slapshot by Bo Horvat.
1:26 of 3rd period - Stopped by Kristers Gudlevskis with a rebound.
2:43 of 3rd period - Dylan DeMelo is hit by Brian Flynn.
3:00 of 3rd period - Adam Pelech is hit by Bo Horvat and loses puck.
3:09 of 3rd period - Alexander Vasyunov is hit by Mattias Tedenby.
3:19 of 3rd period - Colton Gillies is hit by Stanislav Chistov and loses puck.
3:26 of 3rd period - Stanislav Chistov is hit by Patrick Wiercioch and loses puck.
3:52 of 3rd period - Dylan DeMelo is hit by Tyson Barrie and loses puck.
4:09 of 3rd period - Slapshot by Dylan DeMelo.
4:09 of 3rd period - Stopped by Matt Murray with a rebound.
4:22 of 3rd period - Off-side.
4:23 of 3rd period - Zack Hamill wins face-off versus Bo Horvat in neutral zone.
4:26 of 3rd period - Slapshot by Patrick Wiercioch.
4:26 of 3rd period - Shot Misses the Net.
5:50 of 3rd period - Slapshot by Alexander Vasyunov.
5:50 of 3rd period - Stopped by Kristers Gudlevskis with a rebound.
5:52 of 3rd period - Wrist shot by Tyler Wotherspoon.
5:52 of 3rd period - Stopped by Kristers Gudlevskis without a rebound.
5:53 of 3rd period - Zack Hamill wins face-off versus Brian Flynn in Punishers zone.
5:55 of 3rd period - Icing by Robbie Earl.
5:56 of 3rd period - Brian Flynn wins face-off versus Zack Hamill in Punishers zone.
5:59 of 3rd period - Wrist shot by Brian Flynn.
5:59 of 3rd period - Stopped by Kristers Gudlevskis without a rebound.
6:00 of 3rd period - Brian Flynn wins face-off versus Zack Hamill in Punishers zone.
6:03 of 3rd period - Slapshot by Shawn Matthias.
6:03 of 3rd period - Stopped by Kristers Gudlevskis without a rebound.
6:04 of 3rd period - Brian Flynn wins face-off versus Zack Hamill in Punishers zone.
6:08 of 3rd period - Minor Penalty to Robbie Earl for Roughing.
6:09 of 3rd period - Brian Flynn wins face-off versus Zack Hamill in Punishers zone.
6:17 of 3rd period - Wrist shot by Shawn Matthias.
6:17 of 3rd period - Stopped by Kristers Gudlevskis without a rebound.
6:18 of 3rd period - Zack Hamill wins face-off versus Brian Flynn in Punishers zone.
6:35 of 3rd period - Wrist shot by Cam Atkinson.
6:35 of 3rd period - Shot Misses the Net.
6:37 of 3rd period - Wrist shot by Shawn Matthias.
6:37 of 3rd period - Deflect By Brian Flynn.
6:37 of 3rd period - Shot Misses the Net.
6:37 of 3rd period - Puck is out of play.
6:38 of 3rd period - Dana Tyrell wins face-off versus Zack Hamill in Punishers zone.
7:03 of 3rd period - Dan Bertram is hit by Cam Atkinson and loses puck.
7:50 of 3rd period - Shawn Matthias is hit by Adam Pelech and loses puck.
8:08 of 3rd period - Penalty to Robbie Earl is over, Robbie Earl is back on ice.
8:15 of 3rd period - Patrick Wiercioch is hit by Jesse Joensuu and loses puck.
8:22 of 3rd period - Wrist shot by Jesse Joensuu.
8:22 of 3rd period - Stopped by Kristers Gudlevskis without a rebound.
8:23 of 3rd period - Boone Jenner wins face-off versus Mathieu Perreault in Punishers zone.
8:51 of 3rd period - Wrist shot by Zack Hamill.
8:51 of 3rd period - Stopped by Matt Murray without a rebound.
8:52 of 3rd period - Zack Hamill wins face-off versus Brian Flynn in Little Stars zone.
9:02 of 3rd period - Off-side.
9:03 of 3rd period - Brian Flynn wins face-off versus Zack Hamill in neutral zone.
9:30 of 3rd period - Curtis Glencross is hit by Stefan Elliott and loses puck.
9:45 of 3rd period - Minor Penalty to Scott Kosmachuck for Interference.
9:46 of 3rd period - Zack Hamill wins face-off versus Cam Atkinson in Little Stars zone.
10:44 of 3rd period - Jordan Schmaltz is hit by Stanislav Chistov and loses puck.
11:45 of 3rd period - Penalty to Scott Kosmachuck is over, Scott Kosmachuck is back on ice.
11:55 of 3rd period - Snap shot by Radek Faksa.
11:55 of 3rd period - Shot Misses the Net.
11:57 of 3rd period - Slapshot by Radek Faksa.
11:57 of 3rd period - Stopped by Matt Murray with a rebound.
11:59 of 3rd period - Wrist shot by Carter Ashton.
11:59 of 3rd period - Shot Misses the Net.
12:01 of 3rd period - Snap shot by Tyler Bertuzzi.
12:01 of 3rd period - Stopped by Matt Murray with a rebound.
12:15 of 3rd period - Snap shot by Curtis Glencross.
12:15 of 3rd period - Shot Blocked by Dan Bertram.
12:17 of 3rd period - Snap shot by Stanislav Chistov.
12:17 of 3rd period - Shot Blocked by Dylan DeMelo.
12:19 of 3rd period - Slapshot by Tyler Wotherspoon.
12:19 of 3rd period - Stopped by Kristers Gudlevskis without a rebound.
12:20 of 3rd period - Curtis Glencross wins face-off versus Mark Jankowski in Punishers zone.
12:31 of 3rd period - Wrist shot by Stanislav Chistov.
12:31 of 3rd period - Shot Misses the Net.
12:46 of 3rd period - Minor Penalty to Cam Atkinson for Hooking.
12:47 of 3rd period - Zack Hamill wins face-off versus Bo Horvat in Little Stars zone.
12:57 of 3rd period - Snap shot by Mattias Tedenby.
12:57 of 3rd period - Stopped by Matt Murray with a rebound.
12:59 of 3rd period - Slapshot by Adam Pelech.
12:59 of 3rd period - Stopped by Matt Murray with a rebound.
13:01 of 3rd period - Snap shot by Mattias Tedenby.
13:01 of 3rd period - Stopped by Matt Murray with a rebound.
13:03 of 3rd period - Slapshot by Adam Pelech.
13:03 of 3rd period - Shot Blocked by Andrej Sustr.
14:46 of 3rd period - Penalty to Cam Atkinson is over, Cam Atkinson is back on ice.
15:25 of 3rd period - Radek Faksa is hit by Cam Atkinson.
15:43 of 3rd period - Colton Gillies is hit by Stanislav Chistov and loses puck.
16:48 of 3rd period - Minor Penalty to Dan Bertram for Hooking.
16:49 of 3rd period - Robbie Earl wins face-off versus Brian Flynn in Punishers zone.
17:00 of 3rd period - Snap shot by Cam Atkinson.
17:00 of 3rd period - Shot Misses the Net.
17:02 of 3rd period - Snap shot by Shawn Matthias.
17:02 of 3rd period - Stopped by Kristers Gudlevskis with a rebound.
17:18 of 3rd period - Colton Gillies is hit by Curtis Glencross and loses puck.
17:39 of 3rd period - Robbie Earl is hit by Cam Atkinson and loses puck.
18:00 of 3rd period - Slapshot by Jordan Schmaltz.
18:00 of 3rd period - Stopped by Matt Murray without a rebound.
18:01 of 3rd period - Dana Tyrell wins face-off versus Zack Hamill in Little Stars zone.
18:01 of 3rd period - Dana Tyrell is hit by Robbie Earl.
18:11 of 3rd period - Andrej Sustr is hit by Colton Gillies and loses puck.
18:37 of 3rd period - Zack Hamill is hit by Cam Atkinson and loses puck.
18:48 of 3rd period - Penalty to Dan Bertram is over, Dan Bertram is back on ice.
19:19 of 3rd period - Little Stars, Matt Murray is pulled from the net.
19:47 of 3rd period - Snap shot by Mattias Tedenby.
19:47 of 3rd period - Deflect By Jesse Joensuu.
19:47 of 3rd period - Shot Blocked by Phil Oreskovic.
19:47 of 3rd period - Puck is out of play.
19:48 of 3rd period - Todd McLellan call a timeout for Little Stars.
19:48 of 3rd period - Matt Murray from Little Stars was sent back in the game.
19:48 of 3rd period - Zack Hamill wins face-off versus Brian Flynn in Little Stars zone.
19:58 of 3rd period - Little Stars, Matt Murray is pulled from the net.
Goals for this period are 0 for Little Stars vs 0 for Punishers.
Shots for this period are 9 for Little Stars vs 9 for Punishers.
Back to the Top